 Dungeon Crawl Stone Soup version 0.27-a0-1140-g099f9bb0e8 (webtiles) character file.

Game seed: 2909902333936535432

275 heikuro the Skirmisher (level 6, -1/49 HPs)
             Began as a Formicid Abyssal Knight on May 9, 2021.
             Was a Follower of Lugonu.
             Slain by a gnoll
             ... wielding a +2 falchion of electrocution
              (19 damage)
             ... on level 2 of the Dungeon.
             The game lasted 00:08:46 (3973 turns).

heikuro the Skirmisher (Formicid Abyssal Knight)    Turns: 3973, Time: 00:08:47

Health: -1/49      AC: 12    Str: 18    XL:     6   Next: 50%
Magic:  8/8        EV:  5    Int: 12    God:    Lugonu [*.....]
Gold:   126        SH:  0    Dex: 10    Spells: 5/5 levels left

rFire    . . .     SeeInvis +   f - +3 spear
rCold    . . .     Faith    .   (no shield)
rNeg     . . .     Spirit   .   o - +0 plate armour
rPois    .         Reflect  .   (helmet unavailable)
rElec    .         Harm     .   (no cloak)
rCorr    .         Rampage  .   (no gloves)
Will     .....                  l - +0 pair of boots
Stlth    ..........             (no amulet)
HPRegen  0.16/turn              (no ring)
MPRegen  0.11/turn              (no ring)

@: no status effects
A: permanent stasis, dig shafts and tunnels, antennae 3, four strong arms
a: Dig, Shaft Self, Renounce Religion, Depart the Abyss


You were on level 2 of the Dungeon.
You worshipped Lugonu.
Lugonu was aware of your devotion.
You visited 1 branch of the dungeon, and saw 4 of its levels.
You visited the Abyss 1 time.

You collected 126 gold pieces.

Inventory:

Hand Weapons
 a - a +1 hand axe
 f - a +3 spear (weapon)
Missiles
 p - 8 datura-tipped darts
Armour
 l - a +0 pair of boots (worn)
 o - a +0 plate armour (worn)
Scrolls
 d - 2 scrolls of enchant armour
 h - a scroll of silence {unknown}
 i - 2 scrolls of fear {unknown}
 j - 2 scrolls of identify {unknown}
 k - a scroll of summoning {unknown}
 m - a scroll of noise {unknown}
 n - 2 scrolls of teleportation {unknown}
Potions
 b - a potion of flight {unknown}
 c - 3 potions of curing {unknown}
 e - a potion of haste {unknown}
 g - 2 potions of brilliance {unknown}


   Skills:
 + Level 4.4 Fighting
 * Level 4.2 Axes
 - Level 0.4(2.6) Polearms
 + Level 3.5 Armour
 - Level 1.0 Dodging
 + Level 3.8 Invocations


You had 5 spell levels left.
You didn't know any spells.
Your spell library contained the following spells:

 Spells                   Type           Power      Damage    Failure   Level
 Beastly Appendage        Tmut           0%         N/A       100%        1
 Wereblood                Tmut           0%         N/A       100%        2
 Spider Form              Tmut/Pois      0%         N/A       100%        3
 Ice Form                 Ice/Tmut       0%         N/A       100%        4
 Hydra Form               Tmut           0%         N/A       100%        5


Dungeon Overview and Level Annotations

Branches:
Dungeon (4/15)
 Temple: D:4-7

Altars:


Innate Abilities, Weirdness & Mutations

You cannot be hasted, slowed, berserked, paralysed or teleported.
You can dig through walls and to a lower floor.
You have a pair of large antennae on your head. (SInv)
Your four strong arms can wield two-handed weapons with a shield.


Message History

The gnoll hits you with a +0 halberd.
You hit the gnoll.
You kill the gnoll!
Lugonu accepts your kill.
No target in view!
You see here a +0 halberd.
You start resting.
HP restored.
There is an open door here.
There is an open door here.
There is an open door here.
You hit the hobgoblin.
The hobgoblin is moderately wounded.
The hobgoblin barely misses you.
You puncture the hobgoblin!
You kill the hobgoblin!
Lugonu accepts your kill.
No target in view!
The gnoll shouts!
You reach to attack!
You barely miss the gnoll. You hit the gnoll.
The gnoll is heavily wounded.
The gnoll hits you with a +2 falchion of electrocution.
You are electrocuted!
You closely miss the gnoll.
The gnoll is heavily wounded.
The gnoll hits you with a +2 falchion of electrocution.
You are electrocuted!
* * * LOW HITPOINT WARNING * * *
You are too injured to fight recklessly!
The gnoll hits you but does no damage.
Okay, then.
Reach: f) +3 spear
Press: ? - help, Dir - move target, f/p - gnoll
Aim: a gnoll, wielding a +2 falchion of electrocution (moderately wounded, about 32% to evade your +3 spear)
You reach to attack!
You closely miss the gnoll.
The gnoll is moderately wounded.
Unknown command.
The gnoll hits you but does no damage.
You are electrocuted!!
You die...

#.#.....#...).#.###.#.# #.....
#.#....####'######..#.# #.....
#.'...###.....###...'.# #.....
##.#..###.....###....#.## #.....
#..#.###.....###.....#..# #.....
#..####.....###.....##..# #.....
#..###.....###.....###..######.##
#...####'#######'#####.......>..#
#..............g@.......##.####.#
#.#####.#######.##########.####.#
#.........)..................##.#
##########################.#.##.#
#.#.##.# #......# ###.#### #.####
#....#


You could see a gnoll.

Vanquished Creatures
  2 wights (D:4)
  2 hounds (D:4)
  2 hound skeletons (D:4)
  3 gnolls (D:2)
  An adder (D:3)
  An ufetubus (D:4)
  An adder skeleton (D:4)
  A worm (D:3)
  3 dart slugs
  4 orcs
  2 endoplasms (D:1)
  A giant cockroach (D:2)
  3 goblins
  7 hobgoblins
  5 kobolds
  2 quokkas
  5 ball pythons
  2 bats
  3 frilled lizards (D:2)
50 creatures vanquished.

Notes
Turn   | Place    | Note
-------+----------+-------------------------------------------
     0 | Abyss:1  | heikuro the Formicid Abyssal Knight began the quest for the
                  | Orb.
     0 | Abyss:1  | Reached XP level 1. HP: 18/18 MP: 2/2
     9 | Abyss:1  | Found a corrupted altar of Lugonu.
   103 | Abyss:1  | Noticed a wretched star
   104 | D:1      | Escaped the Abyss
   318 | D:1      | Reached skill level 1 in Dodging
   596 | D:1      | Reached XP level 2. HP: 15/24 MP: 3/3
  1048 | D:1      | Found a faded altar of an unknown god.
  1481 | D:2      | You fall into a shaft and drop 2 floors!
  1779 | D:4      | Reached XP level 3. HP: 29/29 MP: 4/4
  1984 | D:4      | Reached XP level 4. HP: 37/37 MP: 6/6
  2057 | D:4      | Reached * piety under Lugonu
  2068 | D:4      | Reached XP level 5. HP: 34/42 MP: 7/7
  2326 | D:4      | HP: 2/42 [kobold/+0 dagger (1)]
  2628 | D:4      | Reached XP level 6. HP: 9/48 MP: 8/8
  3973 | D:2      | Slain by a gnoll

Illustrated notes

Levels and vault maps discovered:
D:1:      denvon_arrival_planthouse, layout_basic,
          hellmonk_ecumenical_altar_slurped_away, minmay_cut_off
D:2:      layout_loops_cross, minivault_24, minmay_quadrilaterals
D:3:      layout_loops_corners, nicolae_wu_jian_immortal_techniques
D:4:      layout_layer_cave, fountainhead, hangedman_decor_slide_cut

Skill      XL: |  1  2  3  4  5  6 |
---------------+-------------------+-----
Dodging        | 1 |  1.0
Axes           | 3 4 |  4.2
Invocations    | 3 |  3.8
Armour         | 3 |  3.5
Fighting       | 4 |  4.4
Polearms       | |  0.4

Action                   |  1- 3 |  4- 6 || total
-------------------------+-------+-------++-------
Melee: Hand axe          |    23 |       ||    23
       Spear             |    46 |   143 ||   189
Invok: Depart the Abyss  |     1 |       ||     1
 Abil: Dig               |     1 |     2 ||     3
       Shaft Self        |     1 |       ||     1
  Use: Scroll            |     1 |       ||     1
Armor: Leather armour    |     8 |       ||     8
       Ring mail         |     8 |    29 ||    37
       Plate armour      |       |    17 ||    17
Dodge: Dodged            |    35 |    47 ||    82

Table legend: (Time is in decaauts)
 A = Elapsed time spent in this place.
 B = Non-inter-level travel time spent in this place.
 C = Inter-level travel time spent in this place.
 D = Time resting spent in this place.
 E = Time spent auto-exploring this place.
 F = Levels seen in this place.
 G = Mean time per level.
                   A        B        C        D        E       F      G
               +--------+--------+--------+--------+--------+-----+--------+
         Total |   3979 |   3926 |     53 |   1561 |   1296 |   5 |  795.8 |
       Dungeon |   3875 |   3822 |     53 |   1561 |   1195 |   4 |  968.8 |
         Abyss |    104 |    104 |      0 |      0 |    101 |   1 |  104.0 |
               +--------+--------+--------+--------+--------+-----+--------+

Top non-repeatable levels by time:
     D:4: 1386 daAuts
     D:1: 1331 daAuts
     D:3: 639 daAuts
     D:2: 517 daAuts
 Abyss:1: 104 daAuts
